 Dungeon Crawl Stone Soup version 0.30-a0-439-g9e77e4d916 (webtiles) character file.

Game seed: 3766573132836853548

104595 pokeman the Sorcerer (level 15, 0/84 (86) HPs)
             Began as a Deep Elf Hedge Wizard on Dec 10, 2022.
             Was a High Priest of Vehumet.
             Killed by vampiric draining
             ... invoked by a vampire
              (15 damage)
             ... in a wizard's laboratory.
             The game lasted 01:36:36 (30998 turns).

pokeman the Sorcerer (Deep Elf Hedge Wizard)       Turns: 30998, Time: 01:36:37

HP:   0/84 (86)     AC: 12    Str:  7    XL:     15   Next: 92%
MP:   50/53         EV: 12    Int: 27    God:    Vehumet [*****.]
Gold: 998           SH:  0    Dex: 14    Spells: 24/60 levels left

rFire   + . .      SeeInvis .    c - staff of fire
rCold   . . .      Faith    .    (no shield)
rNeg    . . .      Spirit   .    V - +2 leather armour {rPois}
rPois   +          Reflect  .    x - +2 hat
rElec   .          Harm     .    O - +0 cloak
rCorr   .          Rampage  .    G - +0 pair of gloves
Will    +....                    s - +1 pair of boots {Stlth+}
Stlth   +++.......               D - amulet of magic regeneration
HPRegen 0.34/turn                h - ring of wizardry
MPRegen 0.73/turn                a - ring of magical power

@: lightly drained
A: no striking features
a: Renounce Religion


You were in a wizard's laboratory.
You worshipped Vehumet.
Vehumet was extremely pleased with you.
You visited 5 branches of the dungeon, and saw 24 of its levels.
You visited 1 bazaar.
You also visited: Wizlab.

You collected 1869 gold pieces.
You spent 871 gold pieces at shops.

Inventory:

Hand Weapons
 N - the +6 shillelagh "Devastator" {shatter}
   (You found it on level 6 of the Dungeon)

   It releases a powerful concussive burst when it strikes, dealing extra damage
   to the target and all other creatures adjacent to them.
Missiles
 X - 4 throwing nets
Armour
 e - a +2 buckler
 m - a +0 robe of resistance
 s - a +1 pair of boots of stealth (worn)
 w - a +0 pair of boots of rampaging
 x - a +2 hat (worn)
 y - a +1 ring mail of cold resistance
 G - a +0 pair of gloves (worn)
 O - a +0 cloak (worn)
 V - a +2 leather armour of poison resistance (worn)
Magical Staves
 c - a staff of fire (weapon)
 E - a staff of cold
Jewellery
 a - a ring of magical power (right hand)
 b - a ring of flight
 g - a ring of see invisible
 h - a ring of wizardry (left hand)
 n - a ring of magical power
 o - the ring "Fiudemuf" {rCorr Dex+3}
   (You found it on level 15 of the Dungeon)

   [ring of resist corrosion]

   Dex:       It affects your dexterity (+3).
   rCorr:     It protects you from acid and corrosion.
 r - a ring of ice
 D - an amulet of magic regeneration (around neck)
 K - a +6 ring of intelligence
Wands
 f - a wand of flame (3)
 i - a wand of roots (20)
 F - a wand of digging (4)
 W - a wand of quicksilver (12)
Scrolls
 j - a scroll of enchant weapon
 u - 3 scrolls of identify
 z - a scroll of enchant armour
 B - 6 scrolls of teleportation
 L - 7 scrolls of blinking
Potions
 d - a potion of magic
 k - 6 potions of curing
 p - 5 potions of resistance
 q - 3 potions of ambrosia
 v - 2 potions of heal wounds
 J - a potion of haste
 M - 2 potions of invisibility
 Y - 3 potions of mutation
Miscellaneous
 l - a lightning rod (4/4)
 t - a phantom mirror
 T - a phantom mirror


   Skills:
 - Level 7.0 Fighting
 - Level 7.0 Armour
 - Level 3.2 Dodging
 - Level 3.0 Stealth
 + Level 4.4 Shields
 * Level 23.2 Spellcasting
 + Level 14.3 Conjurations
 - Level 1.1 Summonings
 - Level 1.4 Necromancy
 - Level 1.1 Translocations
 + Level 13.8 Fire Magic
 - Level 1.1 Ice Magic
 - Level 1.2 Air Magic
 + Level 2.1 Earth Magic
 - Level 1.0 Poison Magic
 - Level 1.0 Evocations


You had 24 spell levels left.
You knew the following spells:

 Your Spells              Type           Power      Damage    Failure   Level
a - Magic Dart            Conj           100%       1d8       0%          1
b - Mephitic Cloud        Conj/Pois/Air  57%        N/A       1%          3
c - Call Imp              Summ           37%        N/A       1%          2
d - Blink                 Tloc           74%        N/A       1%          2
e - Flame Wave            Conj/Fire      100%       2d21      1%          4
f - Swiftness             Air            37%        N/A       1%          3
g - Ignition              Fire           51%        3d14      4%          8
h - Freezing Cloud        Conj/Ice/Air   28%        6-21      1%          5
i - Stone Arrow           Conj/Erth      100%       3d13      1%          3
j - Fireball              Conj/Fire      51%        3d20      1%          5

Your spell library contained the following spells:

 Spells                   Type           Power      Damage    Failure   Level
 Slow                     Hex            100%       N/A       1%          1
 Cigotuvi's Dreadful Rot  Necr/Pois/Air  76%        N/A       1%          2
 Ensorcelled Hibernation  Hex/Ice        68%        N/A       1%          2
 Passwall                 Tmut/Erth      30%        N/A       1%          2
 Call Canine Familiar     Summ           37%        N/A       1%          3
 Dazzling Flash           Conj/Hex       100%       N/A       1%          3
 Gell's Gravitas          Tloc           37%        N/A       1%          3
 Hailstorm                Conj/Ice       64%        3d14      1%          3
 Ignite Poison            Fire/Tmut/Pois 72%        N/A       1%          3
 Inner Flame              Hex/Fire       80%        N/A       1%          3
 Kindle Blastsparks       Fire/Tloc/Air  100%       2d18      1%          3
 Lesser Beckoning         Tloc           74%        N/A       1%          3
 Portal Projectile        Hex/Tloc       68%        N/A       1%          3
 Spider Form              Tmut/Pois      34%        N/A       1%          3
 Teleport Other           Tloc           37%        N/A       1%          3
 Vhi's Electric Charge    Tloc/Air       74%        N/A       1%          3
 Fulminant Prism          Conj/Hex       31%        3d15      1%          4
 Iskenderun's Mystic Bla  Conj/Tloc      64%        2d13      1%          4
 Sticky Flame             Conj/Fire      100%       2d11      1%          4
 Arcjolt                  Conj/Air       32%        1d42      1%          5
 Lee's Rapid Deconstruct  Erth           21%        3d12*     2%          5
 Animate Armour           Summ/Erth      80%        N/A       3%          4
 Ice Form                 Ice/Tmut       34%        N/A       4%          4
 Leda's Liquefaction      Hex/Erth       18%        N/A       4%          4
 Agony                    Necr           39%        N/A       10%         5
 Silence                  Hex/Air        17%        N/A       14%         5
 Lehudib's Crystal Spear  Conj/Erth      33%        10d8      32%         8
 Simulacrum               Ice/Necr       19%        N/A       45%         6
 Maxwell's Capacitive Co  Air            18%        ∞         98%         8
 Polar Vortex             Ice            18%        N/A       100%        9


Dungeon Overview and Level Annotations

Branches:
Dungeon (15/15)            Temple (1/1) D:5            Lair (5/5) D:9
  Swamp (0/4) Lair:2       Spider (0/4) Lair:2        Slime (0/5) Lair:5
    Orc (2/2) D:10            Elf (1/3) Orc:2        Vaults (0/5) D:14
 Depths (0/4) D:15         WizLab (1/1)

Altars:
Ashenzari
Cheibriados
Dithmenos
Elyvilon
Fedhas
Gozag
Hepliaklqana
Kikubaaqudgha
Makhleb
Nemelex Xobeh
Okawaru
Qazlal
Ru
Sif Muna
Trog
Uskayaw
Vehumet
Wu Jian
Xom
Yredelemnul
Zin
The Shining One
Jiyva

Shops:
D:13 (   Orc:2 ::((**

Portals:
Trove: D:14 (give 8 scrolls of fear)

Annotations:
Lair:1 3 runed translucent doors, Lutem's ghost, journeyman MiFi


Message History

Items here: )) [[.
Things that are here:
a +0 morningstar; a +0 robe
There is a portal leading out of this place here.
Things that are here:
a +2 battleaxe; a +0 robe You start resting.
A wight comes into view. It is wielding a +5 long sword.
You start resting.
A wight is nearby!
A vampire comes into view.
The forest fire spreads!
The vampire casts a spell at you.
You are confused.
Unknown command.
The wight hits you with a +5 long sword!
You feel drained.
You feel less confused. The vampire hits you! The vampire misses you.
The wight hits you but does no damage.
Unknown command.
Casting: Flame Wave (safe; 1% risk of failure)
Confirm with . or Enter, or press ? or * to list all spells.
Casting: Flame Wave (safe; 1% risk of failure)
Press: ? - help, Dir - look around, f - activate You feel a surge of power!
A wave of flame ripples out!
The flame wave engulfs the wight!!
You destroy the wight!
Vehumet accepts your kill.
You feel your power returning.
The flame wave engulfs the vampire!
The vampire is heavily damaged. (Press . to intensify the flame waves.)
The vampire hits you! The vampire bites you!
* * * LOW HITPOINT WARNING * * *
The vampire draws strength from your injuries!
A troll zombie comes into view.
A wave of flame ripples out!
The flame wave engulfs the vampire!
The vampire is severely damaged.
The vampire draws life force from you!
You die... 8

8. . ... .8 ..8.
...#########.....
......⌠.V......8.
..Z....@)).......
....☼☼☼∩.....8.♣♣
..♣♣☼§☼..☼..♣♣♣.#
######§##♣ ###


You could see a vampire and a troll zombie.

Vanquished Creatures
  Frances (D:12)
  2 orc warlords (Orc:2)
  A juggernaut zombie (D:15)
  Snorg (D:13)
  A deep elf death mage (Elf:1)
  A fire dragon (Lair:5)
  Fannar (D:11)
  3 hydras
  Harold (D:11)
  The ghost of AigisTheKnight the Trooper, a journeyman DsFE of Gozag (Lair:2)
  4 vault guards (D:14)
  A catoblepas (Lair:2)
  7 boulder beetles
  5 centaur warriors
  Erica (Lair:2)
  8 two-headed ogres
  A tengu warrior (D:13)
  A dancing weapon (Orc:2)
  Urug (Lair:2)
  A vampire mage (D:15)
  An orc high priest (Orc:2)
  3 deep elf knights (Elf:1)
  A skeletal warrior (D:15)
  Amaemon (Lair:2)
  2 deep elf archers (Elf:1)
  A wizard (D:14)
  A lindwurm (Lair:5)
  A necromancer (D:15)
  4 deep elf zephyrmancers (Elf:1)
  4 orc knights
  7 deep elf pyromancers
  14 ugly things
  4 orc sorcerers
  An oklob plant (Lair:5)
  A harpy (shapeshifter) (D:14)
  3 manticores
  6 cyclopes
  A fire giant zombie (D:15)
  8 black mambas
  Joseph (Lair:1)
  2 molten gargoyles (Lair:5)
  6 elephants (Lair:4)
  13 cane toads
  An unseen horror (D:12)
  2 gargoyles
  Psyche (D:9)
  An orange demon (Lair:2)
  An efreet (D:13)
  5 rime drakes
  A yaktaur (D:14)
  2 tengu conjurers
  15 komodo dragons
  A guardian mummy (D:15)
  2 polar bears (Lair:5)
  8 trolls
  A meliai (Lair:2)
  A queen bee (Lair:2)
  2 tyrant leeches (Lair:2)
  A hornet (Lair:2)
  5 dream sheep (Lair:5)
  14 blink frogs
  12 slime creatures
  A jumping spider (shapeshifter) (D:15)
  An air elemental (Elf:1)
  A vampire (D:13)
  A shadow (D:13)
  2 water elementals
  3 wraiths
  A human (D:14)
  6 wyverns
  A spriggan skeleton (D:15)
  7 basilisks
  An ettin skeleton (D:15)
  49 yaks
  3 steam dragons
  2 redbacks (Lair:2)
  2 vampire mosquitoes (D:12)
  Menkaure (D:7)
  6 wargs
  3 hell hounds (Lair:5)
  A swamp worm (Lair:2)
  20 water moccasins
  2 acid dragons
  46 orc warriors
  5 black bears
  9 ogres
  19 wolves
  A wolf (shapeshifter) (D:14)
  2 phantoms
  17 centaurs
  2 earth elementals
  13 bullfrogs
  3 scorpions
  5 wights (WizLab)
  6 killer bees (Lair:2)
  7 howler monkeys
  2 electric eels
  5 lava snakes (Lair:5)
  A hound (D:5)
  A jelly (D:8)
  5 gnoll boudas
  14 orc priests
  Jessica (D:2)
  4 iguanas
  5 hell rats (Lair:5)
  24 orc wizards
  23 gnolls
  7 adders
  3 shadow imps (D:7)
  3 ufetubi
  2 worms
  76 orcs
  4 endoplasms
  4 giant cockroaches
  5 goblins
  5 hobgoblins
  7 kobolds
  5 quokkas
  6 ball pythons
  7 bats
  9 rats
  4 bushes (Lair:5)
  A butterfly (Lair:3)
687 creatures vanquished.

Vanquished Creatures (collateral kills)
  Pikel (D:8)
  Prince Ribbit (D:8)
  A water moccasin (D:8)
  A bullfrog (D:8)
  A howler monkey (D:8)
  An orc (D:8)
6 creatures vanquished.

Vanquished Creatures (others)
  2 bushes (Lair:5)
  114 fungi
  223 plants
  5 withered plants (D:15)
344 creatures vanquished.

Grand Total: 1037 creatures vanquished

Notes
Turn   | Place    | Note
-------+----------+-------------------------------------------
     0 | D:1      | pokeman the Deep Elf Hedge Wizard began the quest for the
                  | Orb.
     0 | D:1      | Reached XP level 1. HP: 10/10 MP: 7/7
   232 | D:1      | Reached XP level 2. HP: 15/15 MP: 1/9
  1178 | D:2      | Reached skill level 5 in Spellcasting
  1178 | D:2      | Reached XP level 3. HP: 20/20 MP: 1/11
  1729 | D:2      | Noticed Jessica
  1733 | D:2      | Killed Jessica
  1734 | D:2      | Reached skill level 1 in Fighting
  1734 | D:2      | Reached skill level 1 in Armour
  1734 | D:2      | Reached XP level 4. HP: 22/25 MP: 8/13
  1860 | D:2      | Learned a level 3 spell: Mephitic Cloud
  1863 | D:2      | Learned a level 2 spell: Call Imp
  1866 | D:2      | Learned a level 2 spell: Blink
  2167 | D:3      | Found a burning altar of Makhleb.
  2167 | D:3      | Found an iron altar of Okawaru.
  2168 | D:3      | Found a hide-covered altar of Uskayaw.
  2815 | D:4      | Found an opulent altar of Gozag.
  2815 | D:4      | Found a shadowy altar of Dithmenos.
  2823 | D:4      | Reached skill level 6 in Spellcasting
  2823 | D:4      | Reached XP level 5. HP: 29/29 MP: 4/15
  3471 | D:4      | Reached skill level 1 in Evocations
  4056 | D:5      | Entered Level 5 of the Dungeon
  4272 | D:5      | Found a staircase to the Ecumenical Temple.
  4288 | Temple   | Entered the Ecumenical Temple
  4307 | Temple   | Became a worshipper of Vehumet
  4328 | D:5      | Found a glowing silver altar of Zin.
  4334 | D:5      | You are sucked into a shaft and drop 3 floors!
  4334 | D:8      | Found a stormy altar of Qazlal.
  4375 | D:8      | Noticed a centaur
  4475 | D:8      | Killed a centaur
  4476 | D:8      | Reached skill level 1 in Fire Magic
  4476 | D:8      | Reached skill level 1 in Poison Magic
  4476 | D:8      | Reached XP level 6. HP: 34/34 MP: 6/17
  4604 | D:8      | Noticed Prince Ribbit
  4613 | D:8      | Killed Prince Ribbit
  4614 | D:8      | Reached skill level 7 in Spellcasting
  4614 | D:8      | Reached skill level 1 in Air Magic
  4703 | D:8      | Found an ornate altar of the Wu Jian Council.
  4745 | D:8      | Noticed an orc warrior
  4768 | D:8      | Killed an orc warrior
  4769 | D:8      | Reached XP level 7. HP: 39/39 MP: 16/20
  4773 | D:8      | Reached skill level 8 in Spellcasting
  4857 | D:8      | Noticed a steam dragon
  5153 | D:8      | Reached skill level 9 in Spellcasting
  5153 | D:8      | Reached XP level 8. HP: 26/44 MP: 3/23
  5776 | D:8      | Reached skill level 5 in Conjurations
  5925 | D:7      | Noticed Menkaure
  5938 | D:7      | Killed Menkaure
  6084 | D:7      | Reached skill level 10 in Spellcasting
  6084 | D:7      | Reached skill level 1 in Ice Magic
  6313 | D:6      | Found a white marble altar of Elyvilon.
  6362 | D:6      | Reached * piety under Vehumet
  6362 | D:6      | Offered knowledge of Sandblast by Vehumet.
  6533 | D:6      | Learned a level 8 spell: Ignition
  6978 | D:5      | Reached XP level 9. HP: 48/48 MP: 23/25
  7162 | D:5      | Learned a level 3 spell: Swiftness
  7487 | D:6      | Found the +6 shillelagh "Devastator" {shatter}
  7512 | D:6      | Reached skill level 11 in Spellcasting
  7910 | D:6      | Found a sparkling altar of Nemelex Xobeh.
  8765 | D:8      | Reached skill level 5 in Fire Magic
  9498 | D:9      | Noticed a two-headed ogre
  9703 | D:9      | Killed a two-headed ogre
  9704 | D:9      | Reached skill level 12 in Spellcasting
  9740 | D:9      | Noticed Pikel
 10020 | D:8      | Killed Pikel
 10021 | D:8      | Reached XP level 10. HP: 17/56 MP: 26/28
 10271 | D:9      | Reached skill level 13 in Spellcasting
 10283 | D:9      | Offered knowledge of Freeze by Vehumet.
 10444 | D:9      | Reached ** piety under Vehumet
 10679 | D:9      | Found a staircase to the Lair.
 11010 | D:10     | Entered Level 10 of the Dungeon
 11091 | D:10     | Noticed a manticore
 11102 | D:10     | Killed a manticore
 11103 | D:10     | Reached skill level 1 in Necromancy
 11105 | D:10     | Noticed a two-headed ogre
 11163 | D:9      | Noticed Psyche
 11182 | D:9      | Killed Psyche
 11365 | D:10     | Noticed a two-headed ogre
 11377 | D:10     | Killed a two-headed ogre
 11378 | D:10     | Reached skill level 14 in Spellcasting
 11417 | D:10     | Killed a two-headed ogre
 11535 | D:10     | Got Sif Muna's Commentary on Flamy Putrescence
 11541 | D:10     | Learned a level 4 spell: Flame Wave
 11600 | D:10     | Offered knowledge of Momentum Strike by Vehumet.
 11601 | D:10     | Reached XP level 11. HP: 32/61 MP: 31/31
 11792 | D:10     | Reached *** piety under Vehumet
 11793 | D:10     | Found a staircase to the Orcish Mines.
 11992 | D:11     | Noticed a two-headed ogre
 11992 | D:11     | Noticed a brown ugly thing
 12020 | D:11     | Killed a brown ugly thing
 12021 | D:11     | Killed a two-headed ogre
 12186 | D:11     | Noticed Fannar
 12212 | D:11     | Killed Fannar
 12213 | D:11     | Reached skill level 15 in Spellcasting
 12519 | D:11     | Noticed Harold
 12544 | D:11     | Killed Harold
 12544 | D:11     | Noticed a two-headed ogre
 12545 | D:11     | Reached skill level 5 in Armour
 12670 | D:11     | Killed a two-headed ogre
 13144 | D:12     | Noticed a two-headed ogre
 13229 | D:12     | Reached skill level 16 in Spellcasting
 13260 | D:12     | Offered knowledge of Olgreb's Toxic Radiance by Vehumet.
 13308 | D:12     | Noticed a deep elf pyromancer
 13318 | D:12     | Killed a deep elf pyromancer
 13481 | D:12     | Noticed a cyan ugly thing
 13504 | D:12     | Killed a cyan ugly thing
 13532 | D:12     | Killed a two-headed ogre
 13635 | D:12     | Noticed Frances
 13689 | Lair:1   | Entered Level 1 of the Lair of Beasts
 13699 | Lair:1   | Noticed Joseph
 13701 | Lair:1   | Reached XP level 12. HP: 59/66 MP: 30/34
 14116 | Lair:1   | Killed Joseph
 14272 | Lair:1   | Found a runed translucent gate.
 14274 | Lair:1   | Found a runed translucent gate.
 14276 | Lair:1   | Found a runed translucent gate.
 14277 | Lair:1   | Noticed Lutem's ghost (journeyman MiFi)
 14290 | Lair:1   | Noticed a boulder beetle
 14329 | Lair:1   | Reached skill level 10 in Conjurations
 14379 | Lair:1   | Killed a boulder beetle
 14718 | Lair:1   | Reached skill level 17 in Spellcasting
 15263 | Lair:2   | Noticed Urug
 15298 | Lair:2   | Reached **** piety under Vehumet
 15299 | Lair:2   | Offered knowledge of Freezing Cloud by Vehumet.
 15300 | Lair:2   | Noticed Erica
 15395 | Lair:2   | Noticed Amaemon
 15407 | Lair:2   | Killed Amaemon
 15412 | Lair:2   | Noticed an eight-headed hydra
 15477 | Lair:2   | Killed Urug
 15667 | Lair:2   | Found a hole to the Spider Nest.
 15735 | Lair:2   | Noticed a catoblepas
 15813 | Lair:2   | Killed Erica
 15819 | Lair:2   | Reached skill level 10 in Fire Magic
 15957 | Lair:2   | Reached skill level 5 in Fighting
 16026 | Lair:1   | Learned a level 5 spell: Freezing Cloud
 16246 | Lair:2   | Killed a catoblepas
 16323 | Lair:2   | Reached skill level 18 in Spellcasting
 16498 | Lair:2   | Found a staircase to the Swamp.
 16559 | Lair:2   | Killed an eight-headed hydra
 16593 | Lair:2   | Noticed AigisTheKnight's ghost (journeyman DsFE)
 16606 | Lair:2   | Found a transporter.
 16609 | Lair:2   | Found a transporter.
 16829 | Lair:3   | Reached XP level 13. HP: 28/72 MP: 37/37
 17401 | Lair:3   | Found a transporter.
 17401 | Lair:3   | Found a transporter.
 17974 | Lair:4   | Reached ***** piety under Vehumet
 17979 | Lair:4   | Offered knowledge of Conjure Ball Lightning by Vehumet.
 18328 | Lair:4   | Reached skill level 19 in Spellcasting
 19057 | Lair:5   | Entered Level 5 of the Lair of Beasts
 19306 | Lair:5   | Reached skill level 20 in Spellcasting
 19340 | Lair:5   | Found a viscous altar of Jiyva.
 19340 | Lair:5   | Found a staircase to the Slime Pits.
 19348 | Lair:5   | Offered knowledge of Irradiate by Vehumet.
 19562 | Lair:5   | Reached XP level 14. HP: 61/80 MP: 36/40
 20843 | Lair:5   | Found a large runed translucent door.
 20872 | Lair:5   | Found a large runed translucent door.
 22235 | D:12     | Killed Frances
 22632 | D:13     | Found Hyaniyte's Antique Weapon Emporium.
 22790 | D:13     | Noticed Snorg
 22799 | D:13     | Killed Snorg
 23039 | D:13     | Offered knowledge of Iskenderun's Battlesphere by Vehumet.
 23353 | D:14     | Reached skill level 21 in Spellcasting
 24472 | D:14     | Reached skill level 1 in Shields
 24677 | D:14     | Found a portal to a secret trove of treasure.
 24938 | D:14     | Found a gate to the Vaults.
 25439 | D:15     | Entered Level 15 of the Dungeon
 25456 | D:15     | Identified the ring "Fiudemuf" {rCorr Dex+3}
 25470 | D:15     | Reached XP level 15. HP: 86/86 MP: 42/42
 25891 | D:15     | Found a faded altar of an unknown god.
 25946 | D:15     | Reached skill level 22 in Spellcasting
 26418 | D:15     | Found a staircase to the Depths.
 27043 | Lair:2   | Killed AigisTheKnight's ghost
 27474 | D:15     | Offered knowledge of Starburst by Vehumet.
 28068 | Orc:1    | Entered Level 1 of the Orcish Mines
 28346 | Orc:2    | Entered Level 2 of the Orcish Mines
 28706 | Orc:2    | Offered knowledge of Ozocubu's Refrigeration by Vehumet.
 28914 | Orc:2    | Found Qoixt's Book Shoppe.
 29149 | Orc:2    | Found a staircase to the Elven Halls.
 29244 | Orc:2    | Found Veezonwu's Antique Weapon Shop.
 29244 | Orc:2    | Found Zuixkot's Weapon Emporium.
 29246 | Orc:2    | Found Qupyke's Book Shoppe.
 29248 | Orc:2    | Found Gumit's Assorted Antiques.
 29380 | Orc:2    | Found Xeohias's Mayhem Merchandise.
 30056 | Orc:1    | You fall into a shaft and drop 1 floor!
 30245 | Orc:2    | Bought a book of Armaments for 504 gold pieces
 30250 | Orc:2    | Learned a level 3 spell: Stone Arrow
 30287 | Elf:1    | Entered Level 1 of the Elven Halls
 30290 | Elf:1    | Reached skill level 23 in Spellcasting
 30308 | Orc:2    | Reached skill level 1 in Earth Magic
 30441 | Elf:1    | Offered knowledge of Fireball by Vehumet.
 30450 | Elf:1    | Learned a level 5 spell: Fireball
 30548 | Elf:1    | Found a gateway to a bazaar.
 30563 | Bazaar   | Entered a bazaar
 30563 | Bazaar   | Found Gifakas's Magic Scroll Shop.
 30705 | Bazaar   | Found Ystusuo's Antique Weapon Boutique.
 30716 | Bazaar   | Found Lus Cube's General Store.
 30736 | Bazaar   | Found Abbitu's Armour Boutique.
 30773 | Bazaar   | Bought a scroll of enchant armour for 97 gold pieces
 30773 | Bazaar   | Bought a scroll of teleportation for 39 gold pieces
 30773 | Bazaar   | Bought a scroll of blinking for 97 gold pieces
 30790 | Bazaar   | Bought a scroll of blinking for 82 gold pieces
 30790 | Bazaar   | Bought a wand of roots (2) for 52 gold pieces
 30825 | Elf:1    | HP: 1/86 [earth elemental (7)]
 30930 | Elf:1    | Found a magical portal.
 30934 | WizLab   | Entered Zonguldrok's Shrine
 30998 | WizLab   | Killed from afar by a vampire

Illustrated notes

Levels and vault maps discovered:
D:1:      wander_arrival_peaceful_grave, layout_basic, nrook_campfire
D:2:      layout_basic, nicolae_kite_square_tiling_tiny, uniq_jessica
D:3:      layout_loops_cross, gammafunk_temple_overflow_forgotten
D:4:      layout_basic, chequers_temple_overflow_statue_of_worship
D:5:      layout_loops_corners, mainiacjoe_overflow_brackets,
          minmay_temple_entry_offerings
D:6:      layout_loops_corners, nemelex_diamond_rough_becter, elyvilon_altar_4,
          dilly_guarded_unrand_devastator
D:7:      layout_basic, uniq_menkaure
D:8:      layout_loops_corners, mainiacjoe_overflow_alcove_2,
          mainiacjoe_overflow_paths, serial_aquarium, aquarium_bridge_straight
          [aquarium_subvault_bridge, aquarium_subvault_window,
          aquarium_subvault_bridge, aquarium_subvault_window],
          aquarium_bridge_island_small [aquarium_subvault_small_open,
          aquarium_subvault_balcony, aquarium_subvault_wall,
          aquarium_subvault_bridge, aquarium_subvault_balcony],
          aquarium_window_fake, aquarium_window_corridor_2, aquarium_window_1,
          aquarium_window_fake, aquarium_view_2a, uniq_prince_ribbit1
D:9:      layout_loops_ring, due_lair_maze_entry_diamond, uniq_pikel,
          uniq_psyche
D:10:     layout_cave_pools, hiddenorc1_lemuel
D:11:     layout_basic, uniq_fannar, uniq_harold
D:12:     layout_basic, uniq_frances
D:13:     layout_basic, serial_shops, nicolae_shop_stone, uniq_snorg
D:14:     layout_layer_cave, grunt_vaults_entry_fortified, enter_trove_3,
          fountainhead
D:15:     gammafunk_depths_entry_grave, layout_stronghold, serial_column_ruins,
          column_ruins_temple_hut, column_ruins_open_small, column_ruins_grid_1,
          column_ruins_open_small, column_ruins_open_medium_water,
          column_ruins_open_small, column_ruins_grid_1,
          dreamdust_mushroom_princess, drop_trap
Temple:   nicolae_temple_ecumenical_triangle
Lair:1:   layout_concentric_octagons, gammafunk_ghost_necromancy, uniq_joseph
Lair:2:   layout_long_grid, minmay_swamp_entry_worms, spider_nest_entry_a,
          gammafunk_ghost_hive, infiniplex_staircase_pool_2,
          serial_bayou_shore_a, uniq_urug, uniq_erica, uniq_amaemon
Lair:3:   gammafunk_boulding_lane, layout_small_grid, lemuel_fruit_fields
Lair:4:   layout_loops_ring
Lair:5:   cheibrodos_lair_end_hotspot, layout_regular_city,
          minmay_slime_entry_oklob_enclosed, serial_forest,
          infiniplex_forest_end_2, infiniplex_forest_side_room,
          infiniplex_forest_end_3, infiniplex_forest_split,
          infiniplex_forest_clump_medium, infiniplex_forest_corner_2,
          infiniplex_forest_clump_double, infiniplex_forest_clump_small,
          infiniplex_forest_straight_4
Orc:1:    layout_caves
Orc:2:    st_orc_rangers, layout_diamond_mine, serial_shops,
          nicolae_shop_advertising_works [nicolae_subvault_shop_adworks],
          minmay_shop_mayhem
Elf:1:    eino_elf_arrival_sip, layout_geoelf_grid, mu_enter_wizlab_7,
          serial_shops, bzr_entry_lakeside, minmay_elf_crystal_heptagon,
          grunt_ministairs_2
WizLab:   wizlab_zonguldrok

Skill      XL: |  1  2  3  4  5  6  7  8  9 10 11 12 13 14 15 |
---------------+----------------------------------------------+-----
Spellcasting   | 5 6 7 9 10 12 14 16 18 20 21 23 | 23.2
Fighting       | 1 2 3 4 5 6 7 |  7.0
Armour         | 1 2 3 4 5 6 7 |  7.0
Conjurations   | 2 3 4 5 7 8 9 11 12 13 14 | 14.3
Stealth        | 3 |  3.0
Dodging        | 3 |  3.2
Evocations     | 1 |  1.0
Fire Magic     | 1 2 4 6 7 9 10 11 12 13 | 13.8
Poison Magic   | 1 |  1.0
Air Magic      | 1 |  1.2
Ice Magic      | 1 |  1.1
Necromancy     | 1 |  1.4
Shields        | 1 4 |  4.4
Earth Magic    | 2 |  2.1
Summonings     | |  1.1
Translocations | |  1.1

Action                   |  1- 3 |  4- 6 |  7- 9 | 10-12 | 13-15 || total
-------------------------+-------+-------+-------+-------+-------++-------
Melee: Dagger            |     4 |       |       |       |       ||     4
       Staff             |       |     1 |    12 |    12 |    36 ||    61
       Shillelagh        |       |       |    37 |    91 |       ||   128
       Punch             |       |       |       |     1 |       ||     1
 Cast: Magic Dart        |    90 |    93 |   262 |   117 |    51 ||   613
       Mephitic Cloud    |       |     6 |    42 |    67 |    38 ||   153
       Blink             |       |     2 |     5 |     2 |     6 ||    15
       Call Imp          |       |     2 |    14 |     5 |     5 ||    26
       Flame Wave        |       |       |       |    57 |    99 ||   156
       Freezing Cloud    |       |       |       |    17 |   167 ||   184
       Swiftness         |       |       |       |       |     3 ||     3
       Ignition          |       |       |       |       |    41 ||    41
       Stone Arrow       |       |       |       |       |    14 ||    14
       Fireball          |       |       |       |       |     5 ||     5
Evoke: Wand              |       |       |     3 |    26 |     1 ||    30
  Use: Scroll            |       |       |     9 |     9 |    10 ||    28
 Stab: Confused          |       |       |     4 |     7 |       ||    11
Armor: Robe              |     5 |       |       |       |       ||     5
       Leather armour    |       |     3 |    10 |    22 |    69 ||   104
       Steam dragon scal |       |       |     4 |    24 |       ||    28
Dodge: Dodged            |    16 |    18 |    67 |   111 |   119 ||   331

Table legend: (Time is in decaauts)
 A = Elapsed time spent in this place.
 B = Non-inter-level travel time spent in this place.
 C = Inter-level travel time spent in this place.
 D = Time resting spent in this place.
 E = Time spent auto-exploring this place.
 F = Levels seen in this place.
 G = Mean time per level.
                   A        B        C        D        E       F      G
               +--------+--------+--------+--------+--------+-----+--------+
         Total |  31171 |  28340 |   2831 |   4353 |  18823 |  26 | 1198.9 |
       Dungeon |  20322 |  18569 |   1753 |   2807 |  12404 |  15 | 1354.8 |
        Temple |     93 |     85 |      8 |      0 |     15 |   1 |   93.0 |
          Lair |   7967 |   7120 |    847 |    840 |   5082 |   5 | 1593.4 |
  Orcish Mines |   2217 |   2030 |    187 |    554 |   1146 |   2 | 1108.5 |
   Elven Halls |    269 |    234 |     35 |    116 |      0 |   1 |  269.0 |
        Bazaar |    235 |    235 |      0 |      0 |    176 |   1 |  235.0 |
        Wizlab |     63 |     63 |      0 |     36 |      0 |   1 |   63.0 |
               +--------+--------+--------+--------+--------+-----+--------+

Top non-repeatable levels by time:
     D:8: 3114 daAuts
    D:14: 2378 daAuts
  Lair:5: 2291 daAuts
  Lair:1: 1984 daAuts
    D:15: 1753 daAuts
     D:9: 1648 daAuts
    D:11: 1518 daAuts
     D:4: 1410 daAuts
   Orc:2: 1402 daAuts
  Lair:4: 1388 daAuts
  Lair:3: 1204 daAuts
     D:6: 1173 daAuts
    D:13: 1116 daAuts
  Lair:2: 1099 daAuts
     D:1: 1071 daAuts
